 Dungeon Crawl Stone Soup version 0.29.1-12-g30fa7ad0bf (webtiles) character file.

Game seed: 6912950819530219951

122979 Jase the Impaler (level 16, -6/128 (129) HPs)
             Began as a Merfolk Gladiator on Dec 19, 2022.
             Was a High Priest of Qazlal.
             Mangled by a pharaoh ant (25 damage)
             ... on level 2 of the Spider Nest on Dec 22, 2022.
             The game lasted 02:30:16 (30992 turns).

Jase the Impaler (Merfolk Gladiator)               Turns: 30992, Time: 02:30:18

HP:   -6/128 (129)  AC: 14    Str: 15    XL:     16   Next: 89%
MP:   29/29         EV: 20    Int: 16    God:    Qazlal [*****.]
Gold: 2874          SH:  0    Dex: 16    Spells: 8/15 levels left

rFire   . . .      SeeInvis +   a - +2 glaive (venom)
rCold   . . .      Faith    .   (shield currently unavailable)
rNeg    . . .      Spirit   .   A - +1 ring mail {rPois}
rPois   +          Reflect  +   C - +0 helmet
rElec   +          Harm     .   v - +0 cloak
rCorr   +          Rampage  .   M - +0 pair of gloves {Stlth+}
Will    +++..                   r - +2 pair of boots of the Nice God {rElec Int+2}
Stlth   +.........              Y - amulet "Aliull" {Reflect Will++ Slay+5 SH+5}
HPRegen 0.31/turn               w - ring of resist corrosion
MPRegen 0.21/turn               L - ring of see invisible

@: confused, studying Armour, lightly drained, repel missiles
A: (nimble swimmer 2), mertail
a: Renounce Religion, Upheaval, Elemental Force, Disaster Area


You were on level 2 of the Spider Nest.
You worshipped Qazlal.
Qazlal was extremely pleased with you.
You visited 5 branches of the dungeon, and saw 25 of its levels.
You also visited: Bailey.

You collected 3712 gold pieces.
You spent 838 gold pieces at shops.

Inventory:

Hand Weapons
 a - a +2 glaive of venom (weapon)
 b - the +6 trident of Gallantry {flame, rPois rC+++ Will- Stlth+}
   (You bought it in a shop on level 2 of the Orcish Mines)

   It burns those it strikes, dealing additional fire damage.
   rC:        It renders you almost immune to cold.
   rPois:     It protects you from poison.
   Will:      It decreases your willpower.
   Stlth:     It makes you more stealthy.
Missiles
 e - 8 javelins
 g - 53 poisoned darts
 m - 38 boomerangs (quivered)
 y - 6 throwing nets
 S - a curare-tipped dart
Armour
 r - the +2 pair of boots of the Nice God (worn) {rElec Int+2}
   (You acquired it on level 8 of the Dungeon)

   Int:       It affects your intelligence (+2).
   rElec:     It insulates you from electricity.
 v - a +0 cloak (worn)
 A - a +1 ring mail of poison resistance (worn)
 C - a +0 helmet (worn)
 H - a +2 ring mail of willpower
 M - a +0 pair of gloves of stealth (worn)
Jewellery
 w - a ring of resist corrosion (left hand)
 D - a ring of protection from fire
 L - a ring of see invisible (right hand)
 Q - a ring of protection from cold
 U - a ring of flight
 W - a ring of positive energy
 Y - the amulet "Aliull" (around neck) {Reflect Will++ Slay+5 SH+5}
   (You found it on level 7 of the Dungeon)

   [amulet of reflection]

   It reflects blocked missile attacks.
   Slay:      It affects your accuracy & damage with ranged weapons and melee
   (+5).
   SH:        It affects your SH (+5).
   Will:      It greatly increases your willpower.
Wands
 i - a wand of quicksilver (21)
 n - a wand of roots (14)
 x - a wand of polymorph (18)
 E - a wand of charming (58)
 K - a wand of flame (60)
 X - a wand of mindburst (14)
Scrolls
 d - a scroll of brand weapon
 j - a scroll of silence
 o - 11 scrolls of teleportation
 q - 2 scrolls of enchant armour
 u - 2 scrolls of enchant weapon
 z - a scroll of fear
 G - a scroll of summoning
 N - 3 scrolls of magic mapping
 P - a scroll of butterflies
 T - 5 scrolls of blinking
 V - 2 scrolls of amnesia
Potions
 c - 2 potions of magic
 f - 3 potions of cancellation
 h - 3 potions of brilliance
 l - 7 potions of mutation
 t - 5 potions of flight
 B - 7 potions of haste
 F - 5 potions of heal wounds
 I - 8 potions of might
 J - 3 potions of curing
 R - 4 potions of resistance
 Z - a potion of berserk rage
Miscellaneous
 s - a phantom mirror
 O - a tin of tremorstones (2/2)


   Skills:
 + Level 12.9 Fighting
 - Level 20.0 Polearms
 - Level 2.0 Throwing
 + Level 5.0 Armour
 - Level 18.0 Dodging
 + Level 4.6 Ice Magic
 + Level 18.5 Invocations


You had 8 spell levels left.
You knew the following spells:

 Your Spells              Type           Power      Damage    Failure   Level
a - Ozocubu's Refrigerat  Ice            7%         4d9       100%        7

Your spell library contained the following spells:

 Spells                   Type           Power      Damage    Failure   Level
 Beastly Appendage        Tmut           0%         N/A       43%         1
 Sting                    Tmut/Pois      0%         1d3       43%         1
 Blink                    Tloc           0%         N/A       56%         2
 Passwall                 Tmut/Erth      0%         N/A       56%         2
 Sublimation of Blood     Necr           0%         N/A       56%         2
 Confusing Touch          Hex            0%         N/A       80%         3
 Ignite Poison            Fire/Tmut/Pois 0%         N/A       80%         3
 Tukima's Dance           Hex            0%         N/A       80%         3
 Anguish                  Hex/Necr       0%         N/A       99%         4
 Corpse Rot               Necr/Pois/Air  0%         N/A       99%         4
 Dispel Undead            Necr           0%         3d6       99%         4
 Flame Wave               Conj/Fire      0%         2d4       99%         4
 Leda's Liquefaction      Hex/Erth       0%         N/A       99%         4
 Olgreb's Toxic Radiance  Pois           0%         N/A       99%         4
 Passage of Golubria      Tloc           0%         N/A       99%         4
 Petrify                  Tmut/Erth      0%         N/A       99%         4
 Metabolic Englaciation   Hex/Ice        3%         N/A       99%         5
 Irradiate                Conj/Tmut      0%         3d11      100%        5
 Iskenderun's Battlesphe  Conj           0%         2d6       100%        5
 Manifold Assault         Tloc           0%         N/A       100%        5
 Yara's Violent Unravell  Hex/Tmut       0%         3d3       100%        5
 Death Channel            Necr           0%         N/A       100%        6
 Dispersal                Tloc           0%         N/A       100%        6
 Iron Shot                Conj/Erth      0%         9d1       100%        6
 Statue Form              Tmut/Erth      0%         N/A       100%        6
 Enfeeble                 Hex            0%         N/A       100%        7
 Spellforged Servitor     Conj/Summ      0%         N/A       100%        7
 Storm Form               Tmut/Air       0%         N/A       100%        7
 Disjunction              Tloc           0%         N/A       100%        8
 Ignition                 Fire           0%         3d3       100%        8
 Necromutation            Tmut/Necr      0%         N/A       100%        8


Dungeon Overview and Level Annotations

Branches:
Dungeon (13/15)            Temple (0/1) D:7            Lair (5/5) D:9
  Swamp (3/4) Lair:3       Spider (2/4) Lair:3        Slime (0/5) Lair:5
    Orc (2/2) D:9             Elf (0/3) Orc:2        Bailey (visited)
 Vaults: D:13-14

Altars:
Gozag
Kikubaaqudgha
Makhleb
Nemelex Xobeh
Qazlal
Ru
Yredelemnul
The Shining One
Jiyva

Shops:
D:2 ?   D:5 (   D:9 !   Orc:2 :([*

Annotations:
D:10 1 runed translucent door
D:13 Frances


Innate Abilities, Weirdness & Mutations

((You are very nimble when in or above water. (Stealth+, EV+, Speed+++)))
Your lower body shifts to a powerful aquatic tail in water.


Message History

A pharaoh ant comes into view.
You slice the pharaoh ant!!
The pharaoh ant is severely damaged.
You hear a faint skittering sound.
The pharaoh ant bites you!!
You are too injured to fight recklessly!
You closely miss the tarantella.
You hear a faint skittering sound.
The tarantella barely misses you. The pharaoh ant completely misses you.
You slash the tarantella!
The tarantella is poisoned.
The tarantella is heavily wounded.
The tarantella completely misses you. The pharaoh ant closely misses you.
You hit the tarantella.
The tarantella looks as sick as possible!
The tarantella is severely wounded.
You block the tarantella's attack. The pharaoh ant bites you!
The tarantella touches you!
You are confused.
You hit the pharaoh ant.
The pharaoh ant is severely damaged.
The pharaoh ant bites you.
You feel drained.
* * * LOW HITPOINT WARNING * * *
The tarantella misses you.
You closely miss the tarantella.
The tarantella is almost dead.
You kill the tarantella!
Qazlal accepts your kill. The pharaoh ant misses you.
You pick your way through the web.
A jumping spider and 3 redbacks come into view.
The jumping spider's many legs skitter faintly.
A wolf spider comes into view.
There is a web here.
You bump into the rock wall.
You hear a faint skittering sound.
The pharaoh ant bites you!!
* * * LOW HITPOINT WARNING * * *
A culicivora comes into view.
A redback comes into view.
The pharaoh ant bites you!!
You die...

# ####.#.#.....#.# .B#.##
#...#..#..#....
.......######......^?##...
#?.#...#.##.##..##....###.
#.^# #..#.#..^.##.<.#####
#..# #s°°...#####.)..##.
#ss.##........##....##..
#ss#s○##.#^..####.....
#☼B@#####.####.....#
#.....^#..#..##^.###.#..#
...#..^######..#..#.######
##.# #.......##....#.# ##
##.#.#............
#......##..###..^^
############ #


You could see a wolf spider, a culicivora, a pharaoh ant and 4 redbacks.

Vanquished Creatures
  A thorn hunter (Swamp:2)
  Roxanne (Swamp:3)
  An emperor scorpion (Spider:2)
  Louise (Swamp:2)
  A ghost moth (Spider:1)
  An orc warlord (Orc:2)
  5 eleionomae
  3 entropy weavers
  A fire dragon (Lair:5)
  The ghost of croobank the Spry, a journeyman FeSu of Gozag (Spider:1)
  8 hydras
  Erolcha (D:12)
  A centaur warrior (D:7)
  3 ghost crabs
  Erica (D:8)
  3 alligators
  A radroach (Spider:2)
  2 two-headed ogres
  The ghost of Jingleheimer the Severer, a novice MiGl of Makhleb (D:8)
  3 orc high priests (Orc:2)
  The ghost of LustLizard the Grappler, a novice TrFi of Wu Jian (D:7)
  Urug (D:12)
  Sonja (Orc:1)
  Nergalle (D:11)
  5 spriggans
  7 goliath frogs
  The ghost of Tang the Magician, a novice DsFE of Gozag (D:8)
  3 steelbarb worms (Spider:1)
  A pharaoh ant (Spider:2)
  3 spriggan druids
  6 swamp dragons
  3 bog bodies
  A deep elf pyromancer (Bailey)
  A wolf spider (Spider:2)
  6 orb spiders
  4 orc knights
  The ghost of hawla the Chiller, a novice MeIE of Jiyva (D:8)
  5 orc sorcerers
  An oklob plant (Lair:3)
  5 ugly things
  A manticore (D:12)
  4 cyclopes
  2 will-o-the-wisps (Swamp:1)
  3 moths of wrath
  Joseph (D:7)
  3 black mambas
  10 elephants
  3 torpor snails
  10 cane toads
  2 demonic crawlers
  Maggie (D:8)
  5 rime drakes
  6 komodo dragons
  2 unseen horrors
  A kobold demonologist (D:7)
  8 trolls
  9 polar bears (Lair:5)
  8 tyrant leeches
  Grinder (D:4)
  2 slime creatures
  5 hornets
  15 blink frogs
  22 dream sheep
  8 tarantellas
  5 raiju (Lair:5)
  Sigmund (D:2)
  2 shadows (D:9)
  3 vampires
  2 wraiths
  4 culicivoras
  10 jumping spiders
  6 wyverns
  30 yaks
  5 steam dragons
  15 redbacks
  3 basilisks
  7 vampire mosquitoes
  11 swamp worms
  A two-headed ogre zombie (D:9)
  8 wargs
  2 acid dragons (Lair:5)
  Duvessa (D:6)
  14 water moccasins
  12 hell hounds (Lair:5)
  3 sky beasts
  A swamp drake (Swamp:1)
  Pargi (D:3)
  12 black bears
  30 orc warriors
  4 ice beasts
  6 ogres
  20 wolves
  2 phantoms (D:5)
  6 centaurs
  10 bullfrogs
  2 kobold brigands
  6 gnoll sergeants
  12 wights
  A necrophage (D:5)
  A scorpion (D:5)
  2 troll zombies (D:9)
  Dowan (D:6)
  10 killer bees
  4 electric eels
  4 howler monkeys
  A quasit (D:7)
  4 jellies
  11 orc priests
  2 gnoll boudas
  5 hounds
  6 iguanas
  Natasha (thrice) (D:2)
  9 orc wizards
  5 ogre zombies (D:9)
  19 gnolls
  9 adders
  6 shadow imps (D:7)
  6 white imps
  4 ufetubi
  A worm (D:2)
  3 dart slugs
  56 orcs
  9 endoplasms
  5 giant cockroaches
  3 goblins
  11 hobgoblins
  6 jackals
  15 kobolds
  3 quokkas
  3 ball pythons
  2 bats
  3 frilled lizards
  2 goblin skeletons (D:9)
  A goblin zombie (D:9)
  A hobgoblin skeleton (D:9)
  3 hobgoblin zombies (D:9)
  3 orc skeletons (D:9)
  15 orc zombies (D:9)
  3 rats
747 creatures vanquished.

Vanquished Creatures (collateral kills)
  An elephant (Lair:1)
  3 blink frogs (Lair:1)
4 creatures vanquished.

Vanquished Creatures (others)
  2 eleionomae (Swamp:3)
  2 bloated husks (Swamp:1)
  A redback (Spider:2)
  2 vampire mosquitoes (Swamp:1)
  A swamp worm (Swamp:1)
  A hobgoblin (D:2)
  6 foxfires (Swamp:1)
  38 fungi
  45 plants
  A withered plant (D:7)
99 creatures vanquished.

Grand Total: 850 creatures vanquished

Notes
Turn   | Place    | Note
-------+----------+-------------------------------------------
     0 | D:1      | Jase the Merfolk Gladiator began the quest for the Orb.
     0 | D:1      | Reached XP level 1. HP: 16/16 MP: 1/1
   187 | D:1      | Reached XP level 2. HP: 22/22 MP: 2/2
   640 | D:2      | Reached XP level 3. HP: 25/27 MP: 3/3
   672 | D:2      | Found Koduten's Magic Scroll Boutique.
   680 | D:2      | Bought a scroll of identify for 22 gold pieces
   707 | D:2      | Found a faded altar of an unknown god.
   715 | D:2      | Prayed at the altar of an unknown god.
   715 | D:2      | Became a worshipper of Qazlal Stormbringer
   715 | D:2      | Reached * piety under Qazlal
   802 | D:2      | Reached skill level 5 in Polearms
   802 | D:2      | Reached skill level 5 in Dodging
   988 | D:2      | Noticed Sigmund
  1009 | D:2      | Killed Sigmund
  1010 | D:2      | Reached skill level 6 in Polearms
  1010 | D:2      | Reached XP level 4. HP: 17/33 MP: 1/5
  1010 | D:2      | Reached XP level 5. HP: 20/38 MP: 1/6
  1205 | D:2      | Noticed Natasha
  1218 | D:2      | Killed Natasha
  1219 | D:2      | Reached XP level 6. HP: 24/44 MP: 3/8
  1618 | D:2      | Noticed Natasha
  1630 | D:2      | Killed Natasha
  1640 | D:2      | Noticed Natasha
  1650 | D:2      | Killed Natasha
  2283 | D:3      | Noticed Pargi
  2294 | D:3      | Killed Pargi
  2582 | D:3      | Reached XP level 7. HP: 50/50 MP: 9/9
  3094 | D:4      | Noticed Grinder
  3141 | D:4      | Reached ** piety under Qazlal
  3398 | D:4      | Paralysed by Grinder for 3 turns
  3402 | D:4      | Killed Grinder
  3403 | D:4      | Reached skill level 7 in Polearms
  4078 | D:5      | Entered Level 5 of the Dungeon
  4078 | D:5      | Found Bahie's Weapon Shop.
  4285 | D:5      | Reached skill level 8 in Polearms
  4285 | D:5      | Reached skill level 5 in Invocations
  4285 | D:5      | Reached XP level 8. HP: 33/56 MP: 7/11
  5114 | D:5      | Reached skill level 9 in Polearms
  5649 | D:6      | Noticed a yak
  5662 | D:5      | Killed a yak
  5832 | D:6      | Noticed a yak
  5832 | D:6      | Noticed a yak
  5833 | D:6      | Noticed a yak
  5846 | D:5      | Killed a yak
  5847 | D:5      | Reached XP level 9. HP: 44/61 MP: 10/14
  6064 | D:5      | Reached skill level 10 in Polearms
  6064 | D:5      | Reached skill level 10 in Dodging
  6377 | D:6      | Found an opulent altar of Gozag.
  6453 | D:6      | Noticed Duvessa
  6466 | D:6      | Noticed Dowan
  6479 | D:6      | Killed Duvessa
  6479 | D:6      | Killed Dowan
  6864 | D:6      | Found a sparkling altar of Nemelex Xobeh.
  7475 | D:7      | Noticed a centaur warrior
  7475 | D:7      | Found a burning altar of Makhleb.
  7629 | D:7      | Noticed a kobold demonologist
  7630 | D:7      | Found a transporter.
  7630 | D:7      | Noticed a white ugly thing
  7630 | D:7      | Noticed a two-headed ogre
  7641 | D:7      | Reached *** piety under Qazlal
  7674 | D:7      | HP: 2/61 [ice beast (9)]
  7978 | D:7      | Noticed Joseph
  8128 | D:6      | Reached skill level 11 in Polearms
  8275 | D:7      | Found a sacrificial altar of Ru.
  8275 | D:7      | Found a glowing golden altar of the Shining One.
  8275 | D:7      | Found an ancient bone altar of Kikubaaqudgha.
  8320 | D:7      | Reached XP level 10. HP: 39/67 MP: 14/16
  8476 | D:7      | Found a basalt altar of Yredelemnul.
  8583 | D:7      | Killed Joseph
  9031 | D:7      | Found a staircase to the Ecumenical Temple.
  9046 | D:7      | Noticed LustLizard's ghost (novice TrFi)
  9057 | D:7      | Found a transporter.
  9099 | D:7      | Found a transporter.
  9169 | D:7      | Found a transporter.
  9494 | D:8      | Found a runed translucent gate.
  9494 | D:8      | Found a runed translucent gate.
  9494 | D:8      | Found a runed translucent gate.
  9523 | D:8      | Identified a scroll of acquirement
  9523 | D:8      | Acquired the +2 pair of boots of the Nice God {rElec Int+2}
  9565 | D:8      | Noticed Erica
  9584 | D:8      | Killed Erica
  9585 | D:8      | Reached skill level 12 in Polearms
  9704 | D:8      | Found a flagged portal.
  9713 | Bailey   | Entered a bailey
  9937 | Bailey   | Noticed an orc knight
  9948 | Bailey   | Killed an orc knight
 10036 | Bailey   | Found a large runed translucent door.
 10036 | Bailey   | Found a large runed translucent door.
 10037 | Bailey   | Noticed a deep elf pyromancer
 10076 | Bailey   | Killed a deep elf pyromancer
 10077 | Bailey   | Reached skill level 10 in Invocations
 10085 | Bailey   | Identified the +0 pair of gloves of Gravity {Stlth+}
 10093 | Bailey   | Identified the +1 robe of the Shoals {rElec rF++ rC+ Str-2}
 10338 | D:8      | Reached XP level 11. HP: 64/72 MP: 18/18
 10343 | D:8      | Reached skill level 13 in Polearms
 10653 | D:8      | Noticed a red ugly thing
 10671 | D:8      | Killed a red ugly thing
 10826 | D:2      | Bought a scroll of teleportation for 33 gold pieces
 10826 | D:2      | Bought 3 scrolls of teleportation for 99 gold pieces
 10826 | D:2      | Bought a scroll of identify for 22 gold pieces
 10826 | D:2      | Bought a scroll of identify for 22 gold pieces
 10826 | D:2      | Bought a scroll of magic mapping for 82 gold pieces
 10829 | D:2      | Reached XP level 12. HP: 88/88 MP: 18/21
 11316 | D:8      | Noticed Jingleheimer's ghost (novice MiGl)
 11319 | D:8      | Noticed Tang's ghost (novice DsFE)
 11320 | D:8      | Noticed hawla's ghost (novice MeIE)
 11382 | D:8      | Noticed Maggie
 11408 | D:8      | Killed Maggie
 11409 | D:8      | Reached skill level 15 in Dodging
 11697 | D:9      | Found a staircase to the Lair.
 11760 | D:9      | Found Umabu's Distillery.
 11809 | D:9      | Bought 2 potions of mutation for 192 gold pieces
 11809 | D:9      | Bought a potion of resistance for 120 gold pieces
 12197 | D:9      | Found a staircase to the Orcish Mines.
 12256 | D:9      | Reached **** piety under Qazlal
 12276 | D:9      | Reached skill level 14 in Polearms
 12564 | Lair:1   | Entered Level 1 of the Lair of Beasts
 12756 | Lair:1   | Reached ***** piety under Qazlal
 12936 | Lair:1   | Reached XP level 13. HP: 86/98 MP: 22/22
 13572 | Lair:2   | Reached skill level 15 in Polearms
 13582 | Lair:2   | HP: 4/99 [poisoned by a cane toad]
 13587 | Lair:2   | HP: 4/99 [poisoned by a cane toad]
 14850 | Lair:3   | Reached skill level 1 in Armour
 14873 | Lair:3   | Found a staircase to the Swamp.
 15383 | Lair:3   | Found a hole to the Spider Nest.
 16023 | Lair:4   | Reached skill level 16 in Polearms
 16172 | Lair:4   | Reached skill level 10 in Fighting
 16817 | Orc:1    | Entered Level 1 of the Orcish Mines
 16933 | Orc:2    | Entered Level 2 of the Orcish Mines
 17013 | Orc:2    | Reached XP level 14. HP: 75/102 MP: 24/24
 17062 | Orc:2    | Found Deutouqy's Antique Weapon Emporium.
 17116 | Orc:1    | Noticed Sonja
 17121 | Orc:1    | Killed Sonja
 17321 | Orc:2    | Bought a twisted trident for 246 gold pieces
 17321 | Orc:2    | Identified the +6 trident of Gallantry {flame, rPois rC+++
                  | Will- Stlth+} (You bought it in a shop on level 2 of the
                  | Orcish Mines)
 17343 | Orc:2    | Noticed an orc warlord
 17374 | Orc:2    | Killed an orc warlord
 17375 | Orc:2    | Reached skill level 17 in Polearms
 17604 | Orc:2    | Reached skill level 15 in Invocations
 17644 | Orc:2    | Found Valetwif's Book Emporium.
 18177 | Lair:5   | Entered Level 5 of the Lair of Beasts
 18283 | Lair:5   | Found a viscous altar of Jiyva.
 18283 | Lair:5   | Found a staircase to the Slime Pits.
 18526 | Lair:5   | Reached skill level 18 in Polearms
 19447 | Lair:5   | Reached XP level 15. HP: 109/118 MP: 27/27
 20202 | Lair:5   | Reached skill level 19 in Polearms
 20408 | Lair:5   | Identified the +1 ring mail "Zeha" {rN+}
 20808 | Orc:2    | Found Atirodov's Antique Armour Emporium.
 21000 | Orc:2    | Found a burning altar of Makhleb.
 21001 | Orc:2    | Found Eduajiv's General Store.
 21006 | Orc:2    | Found a staircase to the Elven Halls.
 21188 | D:10     | Entered Level 10 of the Dungeon
 21592 | D:10     | Found a runed translucent door.
 22186 | D:11     | Noticed Nergalle
 22193 | D:11     | Killed Nergalle
 23571 | D:12     | Noticed Erolcha
 23583 | D:12     | Killed Erolcha
 23638 | D:12     | Noticed Urug
 23656 | D:12     | Killed Urug
 24694 | D:13     | Noticed Frances
 24899 | Swamp:1  | Entered Level 1 of the Swamp
 25870 | Swamp:2  | Noticed a thorn hunter
 25907 | Swamp:1  | Reached skill level 20 in Polearms
 25931 | Swamp:2  | Killed a thorn hunter
 26232 | Swamp:2  | Noticed Louise
 26249 | Swamp:2  | Killed Louise
 26250 | Swamp:2  | Reached XP level 16. HP: 48/119 MP: 28/28
 26605 | Swamp:3  | Identified the +3 pair of gloves of Lesser Demons {rPois
                  | Int+4 Dex+2 Slay-2}
 27120 | Swamp:3  | Identified Roxanne's Anthology of Variation
 27120 | Swamp:3  | Noticed Roxanne
 27608 | Swamp:3  | Killed Roxanne
 27766 | Spider:1 | Entered Level 1 of the Spider Nest
 27831 | Spider:1 | Learned a level 7 spell: Ozocubu's Refrigeration
 28008 | Spider:1 | Reached skill level 1 in Ice Magic
 28369 | Spider:1 | Found a runed translucent gate.
 28369 | Spider:1 | Found a runed translucent gate.
 28369 | Spider:1 | Found a runed translucent gate.
 28370 | Spider:1 | Noticed croobank's ghost (journeyman FeSu)
 29493 | Spider:1 | Killed croobank's ghost
 29526 | Spider:1 | Got the Incunabulum of Torrid Spellbinding
 29879 | D:7      | Killed LustLizard's ghost
 29929 | D:7      | Identified the amulet "Aliull" {Reflect Will++ Slay+5 SH+5}
 30046 | D:8      | Killed Jingleheimer's ghost
 30054 | D:8      | Killed Tang's ghost
 30060 | D:8      | Killed hawla's ghost
 30978 | Spider:2 | Reached skill level 5 in Armour
 30992 | Spider:2 | Mangled by a pharaoh ant

Illustrated notes

Levels and vault maps discovered:
D:1:      ncdulo_halloftheorcs, layout_rooms, minmay_misc_feat_hallway
D:2:      layout_loops_ring, chequers_ecumenical_altar_simple, serial_shops,
          shop, kennysheep_generic_room_8, uniq_sigmund, uniq_natasha
D:3:      layout_basic, uniq_pargi
D:4:      layout_gridville, minmay_misc_feat_square, minmay_cut_off,
          uniq_grinder
D:5:      layout_basic, serial_shops, shop, st_stairs_14
D:6:      layout_loops_cross, lemuel_round_altar, nicolae_gozag_seed_capital,
          uniq_duvessa
D:7:      layout_basic, yredelemnul_altar_generic,
          chequers_temple_overflow_statue_of_worship,
          gammafunk_temple_overflow_arena, minmay_temple_entry_slanted,
          serial_demonic, serial_demonic_a, serial_demonic_d, serial_demonic_e,
          serial_demonic_d, gammafunk_ghost_gnarly_gnolls, uniq_joseph
D:8:      wad_arrow_thing, layout_basic, enter_bailey_6,
          gammafunk_ghost_cemetery, amcnicky_mini_pool_medium, uniq_erica,
          uniq_maggie
D:9:      layout_basic, erik_lair_island, zombieorc2_lemuel, serial_shops, shop,
          minivault_5
D:10:     gammafunk_mikee_crab_dinner, layout_stronghold
D:11:     layout_gridville, st_stairs_4, uniq_nergalle
D:12:     layout_basic, uniq_erolcha, uniq_urug
D:13:     layout_loops_corners, skrybe_vaults_entry_preservation,
          minmay_misc_feat_pillars, st_stairs_7, uniq_frances
Lair:1:   layout_cave_pods, grunt_megastairs_3
Lair:2:   layout_regular_city, serial_bayou_shore_b, serial_bayou_shore_b,
          grunt_megastairs_5
Lair:3:   layout_layer_cave, skrybe_swamp_entry_bodies,
          nicolae_spider_entry_orb_guardian, st_stairs_8,
          kennysheep_catoblepas_arena
Lair:4:   layout_roguey, grunt_megastairs_4
Lair:5:   hangedman_lair_caniforms_friends, layout_hall_layers,
          guppyfry_lair_end_dragon, minmay_slime_entry_pillars,
          hangedman_lair_generics_rect
Swamp:1:  layout_basic_swamp, evilmike_swamp_ruin_house_4, swamp_pool4
Swamp:2:  layout_falls_marsh, serial_swamp_ruin, evilmike_swamp_ruin_house_3,
          evilmike_swamp_ruin_rubble_2, evilmike_swamp_ruin_rubble_1,
          uniq_louise
Swamp:3:  layout_basic_swamp, hangedman_swamp_ruin_wall,
          nicolae_swamp_very_dense_foliage, uniq_roxanne
Spider:1: layout_chambers, ebering_ghost_rock_garden, drop_trap,
          nicolae_spider_moth_buddies
Spider:2: layout_spider_delve, uniq_nikola
Orc:1:    layout_caves, uniq_sonja
Orc:2:    grunt_orc_gardens, layout_diamond_mine, grunt_orc_garden,
          grunt_orc_garden, grunt_orc_garden, grunt_orc_garden, abandoned_shop,
          nicolae_orc_rockfall, bloody_makhleb

Skill      XL: |  1  2  3  4  5  6  7  8  9 10 11 12 13 14 15 16 |
---------------+-------------------------------------------------+-----
Polearms       | 6 8 9 11 12 13 14 16 18 20 | 20.0
Dodging        | 6 8 9 11 12 14 15 17 18 | 18.0
Invocations    | 2 3 5 6 8 10 12 13 14 16 17 18 | 18.5
Fighting       | 6 8 10 11 12 | 12.9
Armour         | 3 5 |  5.0
Ice Magic      | 4 |  4.6
Throwing       | |  2.0

Action                   |  1- 3 |  4- 6 |  7- 9 | 10-12 | 13-15 | 16-18 || total
-------------------------+-------+-------+-------+-------+-------+-------++-------
Melee: Trident           |   111 |   101 |   521 |   138 |     5 |       ||   876
       Punch             |       |       |     4 |     3 |     1 |       ||     8
       Halberd           |       |       |       |   432 |       |       ||   432
       Glaive            |       |       |       |    81 |  1281 |   510 ||  1872
       Tailslap          |       |       |       |     1 |    34 |    18 ||    53
       Scimitar          |       |       |       |       |    36 |       ||    36
Throw: Throwing net      |       |       |     4 |       |       |       ||     4
       Boomerang         |       |       |     1 |     3 |    12 |     2 ||    18
       Dart              |       |       |       |       |     2 |       ||     2
Invok: Upheaval          |       |       |     6 |     8 |    14 |     6 ||    34
       Disaster Area     |       |       |       |       |     3 |       ||     3
Evoke: Wand              |       |       |       |       |       |     1 ||     1
  Use: Potion            |     1 |     3 |     1 |     1 |     2 |     1 ||     9
       Scroll            |     1 |     1 |     3 |    20 |     7 |     1 ||    33
 Stab: Held in net/web   |       |       |     3 |       |       |       ||     3
Armor: Leather armour    |    32 |    13 |    46 |       |       |       ||    91
       Ring mail         |       |       |    43 |    95 |   263 |    89 ||   490
Dodge: Dodged            |    58 |    57 |   248 |   343 |   875 |   255 ||  1836
       Repelled          |       |       |       |     1 |    10 |     4 ||    15
Block: Other             |       |     5 |    44 |    70 |   289 |   141 ||   549
